 Dungeon Crawl Stone Soup version 0.22.1-6-g1668fe2c40 (webtiles) character file.

311158 megalastik the Warrior (level 21, -3/145 HPs)
             Began as a Gargoyle Fighter on Jan 29, 2019.
             Was a High Priest of the Shining One.
             Killed from afar by a Hell Sentinel (60 damage)
             ... with an iron shot
             ... summoned by a deep elf demonologist
             ... on level 1 of the Vaults.
             The game lasted 04:20:51 (38974 turns).

megalastik the Warrior (Gargoyle Fighter)          Turns: 38974, Time: 04:21:21

Health: -3/145     AC: 41    Str: 27    XL:     21   Next: 27%
Magic:  15/34      EV: 15    Int: 30    God:    the Shining One [*****.]
Gold:   3238       SH: 23    Dex: 27    Spells: 24/39 levels left

rFire    + . .     SeeInvis +   a - +8 mace of True Grit {crush, Int+4}
rCold    . . .     Gourm    .   t - +0 large shield
rNeg     + + +     Faith    .   X - +1 plate armour of Larisi {Dex+2 SInv}
rPois    ∞         Spirit   .   k - +0 mask of the Dragon {MR+ Slay+3 SInv}
rElec    +         Reflect  .   B - +2 cloak
rCorr    .         Harm     .   u - +0 pair of gloves
MR       ++...     Rnd*Rage +   V - +0 pair of boots of Gozag's Envy {+Fly rPois Int+7 Stlth-}
Stlth    ..........             N - amulet of the Endless Souls {rF+ Regen+ Str-2 Int+8}
HPRegen  0.74/turn              y - +4 ring of strength
MPRegen  0.24/turn              W - ring "Ifyonol" {rN++ EV+4 Dex+9 Slay-2 Stlth+}

@: marked, flying, glowing
A: big wings, talons 1, berserk 1, clever 1, negative energy resistance 1,
electricity resistance, strong 1, unbreathing, petrification resistance, rot
immunity, AC +16
}: 2/15 runes: decaying, serpentine
a: Stop Flying, Divine Shield, Cleansing Flame, Summon Divine Warrior, Renounce
Religion


You were on level 1 of the Vaults.
You worshipped the Shining One.
The Shining One was extremely pleased with you.
You were near starving.

You visited 8 branches of the dungeon, and saw 36 of its levels.
You visited the Abyss 1 time.
You also visited: Labyrinth and Ice Cave.

You collected 4547 gold pieces.
You spent 1309 gold pieces at shops.

Inventory:

Hand Weapons
 a - the +8 mace of True Grit (weapon) {crush, Int+4}
   (You bought it in a shop on level 1 of the Snake Pit)

   It inflicts extra damage upon your enemies.
   It affects your intelligence (+4).
 b - a +7 hand crossbow of flaming
Missiles
 e - 485 bolts
Armour
 k - the +0 mask of the Dragon (worn) {MR+ Slay+3 SInv}
   (You found it on level 3 of the Elven Halls)

   It affects your accuracy and damage with ranged weapons and melee attacks
   (+3).
   It affects your resistance to hostile enchantments.
   It lets you see invisible.
 t - a +0 large shield (worn)
 u - a +0 pair of gloves (worn)
 B - a +2 cloak (worn)
 V - the +0 pair of boots of Gozag's Envy (worn) {+Fly rPois Int+7 Stlth-}
   (You found it in an ice cave)

   It affects your intelligence (+7).
   It protects you from poison.
   It lets you fly.
   It makes you less stealthy.
 X - the +1 plate armour of Larisi (worn) {Dex+2 SInv}
   (You found it in an ice cave)

   It affects your dexterity (+2).
   It lets you see invisible.
Magical Staves
 c - an uncursed staff of wizardry
Jewellery
 y - a +4 ring of strength (left hand)
 L - a +6 ring of intelligence
 M - an uncursed ring of resist corrosion
 N - the amulet of the Endless Souls (around neck) {rF+ Regen+ Str-2 Int+8}
   (You found it on level 4 of the Lair of Beasts)

   [amulet of regeneration]

   It affects your strength (-2).
   It affects your intelligence (+8).
   It protects you from fire.
   It increases your rate of regeneration.
 W - the ring "Ifyonol" (right hand) {rN++ EV+4 Dex+9 Slay-2 Stlth+}
   (You found it on level 3 of the Elven Halls)

   [ring of evasion]

   It affects your evasion (+4).
   It affects your dexterity (+9).
   It affects your accuracy and damage with ranged weapons and melee attacks
   (-2).
   It greatly protects you from negative energy.
   It makes you more stealthy.
Wands
 x - a wand of digging (18)
Scrolls
 i - 10 scrolls of identify
 n - 5 scrolls of enchant weapon
 o - 29 scrolls of teleportation
 q - 10 scrolls of remove curse
 s - 2 scrolls of magic mapping
 z - 5 scrolls of enchant armour
 E - 2 scrolls of silence
 G - 7 scrolls of amnesia
 J - 3 scrolls of fear
 O - a scroll of brand weapon
Potions
 d - 7 potions of might
 g - 2 potions of cancellation
 h - 11 potions of heal wounds
 j - 2 potions of berserk rage
 l - 6 potions of brilliance
 r - 15 potions of curing
 v - 3 potions of magic
 w - 9 potions of agility
 F - 4 potions of ambrosia
 S - a potion of mutation
Miscellaneous
 A - a phantom mirror
Comestibles
 f - 55 rations


   Skills:
 + Level 19.9 Fighting
   Level 11.5 Long Blades
 - Level 14.0 Maces & Flails
 + Level 16.6 Armour
 - Level 4.9 Dodging
 - Level 1.7 Stealth
 * Level 16.4 Shields
 - Level 1.5 Unarmed Combat
 + Level 9.9 Spellcasting
 + Level 2.1 Charms
 - Level 12.0 Invocations


You had 24 spell levels left.
You knew the following spells:

 Your Spells              Type           Power        Failure   Level  Hunger
a - Shroud of Golubria    Chrm/Tloc      ###.......   52%         2    None
b - Deflect Missiles      Chrm/Air       ###.......   100%        6    #####..
c - Song of Slaying       Chrm           ####....     36%         2    None
d - Infusion              Chrm           ####         26%         1    None
e - Blink                 Tloc           N/A          67%         2    None
f - Swiftness             Chrm/Air       ###.....     52%         2    None

Your spell library contained the following spells:

 Spells                   Type           Power        Failure   Level  Hunger
 Animate Skeleton         Necr           N/A          54%         1    None
 Apportation              Tloc           ##....       54%         1    None
 Confusing Touch          Hex            ##....       54%         1    None
 Corona                   Hex            ##.....      54%         1    None
 Flame Tongue             Conj/Fire      ##...        54%         1    None
 Magic Dart               Conj           ##..         54%         1    None
 Pain                     Necr           ##..         54%         1    None
 Sandblast                Erth           ##....       54%         1    None
 Sting                    Conj/Pois      ##..         54%         1    None
 Summon Small Mammal      Summ           ##..         54%         1    None
 Call Imp                 Summ           ##......     67%         2    None
 Corpse Rot               Necr           N/A          67%         2    None
 Ensorcelled Hibernation  Hex/Ice        ##....       67%         2    None
 Passwall                 Tmut/Erth      ##......     67%         2    None
 Poisonous Vapours        Pois/Air       ##....       67%         2    None
 Searing Ray              Conj           ##....       67%         2    None
 Slow                     Hex            ##......     67%         2    None
 Throw Flame              Conj/Fire      ##....       67%         2    None
 Regeneration             Chrm/Necr      ###.......   77%         3    None
 Spectral Weapon          Hex/Chrm       ###.....     77%         3    None
 Confuse                  Hex            ##......     88%         3    None
 Conjure Flame            Conj/Fire      ##......     88%         3    None
 Dazzling Spray           Conj/Hex       ##....       88%         3    None
 Gell's Gravitas          Tloc           ##........   88%         3    None
 Ignite Poison            Fire/Tmut/Pois ##......     88%         3    None
 Inner Flame              Hex/Fire       ##......     88%         3    None
 Lesser Beckoning         Tloc           ##........   88%         3    None
 Mephitic Cloud           Conj/Pois/Air  ##......     88%         3    None
 Portal Projectile        Hex/Tloc       ##....       88%         3    None
 Recall                   Summ/Tloc      N/A          88%         3    None
 Stone Arrow              Conj/Erth      ##....       88%         3    None
 Teleport Other           Tloc           ##......     88%         3    None
 Tukima's Dance           Hex            ##......     88%         3    None
 Vampiric Draining        Necr           ##........   88%         3    None
 Animate Dead             Necr           N/A          99%         4    None
 Cause Fear               Hex            ##........   99%         4    None
 Force Lance              Conj/Tloc      ##......     99%         4    None
 Fulminant Prism          Conj/Hex       ##........   99%         4    None
 Ice Form                 Ice/Tmut       ##......     99%         4    None
 Iskenderun's Mystic Bla  Conj           ##......     99%         4    None
 Olgreb's Toxic Radiance  Pois           ##......     99%         4    None
 Passage of Golubria      Tloc           N/A          99%         4    None
 Petrify                  Tmut/Erth      ##......     99%         4    None
 Sticky Flame             Conj/Fire      ##......     99%         4    None
 Agony                    Necr           ##......     100%        5    ###....
 Alistair's Intoxication  Tmut/Pois      ##......     100%        5    ###....
 Aura of Abjuration       Summ           ##........   100%        5    ###....
 Bolt of Draining         Conj/Necr      ##........   100%        5    ###....
 Dispel Undead            Necr           ##......     100%        5    ###....
 Excruciating Wounds      Chrm/Necr      ###.......   100%        5    ###....
 Fireball                 Conj/Fire      ##........   100%        5    ###....
 Irradiate                Conj/Tmut      ##........   100%        5    ###....
 Lee's Rapid Deconstruct  Erth           ##........   100%        5    ###....
 Metabolic Englaciation   Hex/Ice        ##........   100%        5    ###....
 Silence                  Hex/Air        ##........   100%        5    ###....
 Venom Bolt               Conj/Pois      ##........   100%        5    ###....
 Yara's Violent Unravell  Hex/Tmut       ##........   100%        5    ###....
 Bolt of Cold             Conj/Ice       ##........   100%        6    #####..
 Darkness                 Hex            ##........   100%        6    #####..
 Death Channel            Necr           ##........   100%        6    #####..
 Dispersal                Tloc           ##........   100%        6    #####..
 Freezing Cloud           Conj/Ice/Air   ##........   100%        6    #####..
 Hydra Form               Tmut           ##........   100%        6    #####..
 Invisibility             Hex            ##......     100%        6    #####..
 Ozocubu's Refrigeration  Ice            ##........   100%        6    #####..
 Simulacrum               Ice/Necr       ##........   100%        6    #####..
 Dragon Form              Tmut           ##........   100%        7    ######.
 Malign Gateway           Summ/Tloc      ##........   100%        7    ######.
 Ring of Flames           Chrm/Fire      ###.......   100%        7    ######.
 Controlled Blink         Tloc           N/A          100%        8    #######
 Discord                  Hex            ##........   100%        8    #######
 Disjunction              Tloc           ##........   100%        8    #######
 Sublimation of Blood     Necr           Unusable     N/A         2    N/A
 Statue Form              Tmut/Erth      Unusable     N/A         6    N/A

Dungeon Overview and Level Annotations

Branches:
Dungeon (15/15)            Temple (1/1) D:4            Lair (6/6) D:8
  Swamp (4/4) Lair:3        Snake (4/4) Lair:2        Slime (0/5) Lair:5
    Orc (2/2) D:12            Elf (3/3) Orc:2        Vaults (1/5) D:14
 Depths (0/5) D:15

Altars:
Ashenzari
Cheibriados
Dithmenos
Elyvilon
Fedhas
Gozag
Hepliaklqana
Kikubaaqudgha
Makhleb
Nemelex Xobeh
Okawaru
Qazlal
Ru
Sif Muna
Trog
Uskayaw
Vehumet
Wu Jian
Xom
Yredelemnul
Zin
The Shining One
Beogh

Shops:
D:6 (   D:7 [   D:12 (   Orc:2 (=[*   Elf:1 !   Elf:3 ?   Snake:1 :(%
Snake:2 ==}

Portals:
Trove: Elf:1 (give +4 shadow dragon scales)


Innate Abilities, Weirdness & Mutations

You are resistant to torment.
Your stone body is resilient. (AC +16)
You are immune to poison.
Your large and strong wings let you fly indefinitely.
You resist negative energy. (rN+)
You are resistant to electric shocks. (rElec)
You can survive without breathing.
You are immune to petrification.
You are immune to rotting.
You have sharp toenails.
You tend to lose your temper in combat.
Your mind is acute. (Int +2)
Your muscles are strong. (Str +2)


Message History

The Hell Sentinel is almost dead.
Your daeva hits the Hell Sentinel with a scimitar of holy wrath.
The Hell Sentinel convulses.
Your daeva hits the Hell Sentinel but does no damage.
The Hell Sentinel gestures at you. The iron shot hits you!
The deep elf demonologist mumbles some strange words.
You hit the Hell Sentinel but do no damage.
The Hell Sentinel is almost dead.
The vault sentinel hits your daeva with a long sword!!
The Tzitzimitl calls on the powers of darkness!
The two-headed ogre convulses!
The vault warden convulses!
The wizard convulses!
The deep elf demonologist convulses!
The vault warden convulses!
The deep elf knight convulses!
Your daeva convulses!
The vault sentinel convulses!
Your body is wracked with pain!
The glowing orange brain convulses!
The Hell Sentinel gestures at you. The iron shot hits you!
You die...

#......#.............# #.
#......#.....^.......# #.
#......#.............# #.
############+###############
#.................
#.................
#....(............
#######.................
#...ZZ#@................
#.2Zpe1A...(###########+
#..1Op#p)...# #..pe4#.....#
#.)p3)#.....#
..####G##.....#
........5+.....#
.........#.....#
####'#####.....#


You could see a Hell Sentinel, a Tzitzimitl, 2 vault wardens, a glowing orange
brain, a two-headed ogre, a shadow demon, a deep elf demonologist, 2 vault
sentinels, a deep elf knight (invisible), a rust devil, a wizard, a smoke demon,
an orc warlord zombie and a friendly daeva.

Vanquished Creatures
  Vashnia (Snake:3)
  A tentacled monstrosity (Swamp:4)
  An Ice Fiend (IceCv)
  3 deep elf blademasters
  2 deep elf master archers (Elf:3)
  9 nagarajas
  Agnes (D:14)
  A tengu reaver (D:15)
  Roxanne (Snake:4)
  A frost giant (D:15)
  An iron dragon (D:15)
  5 deep elf sorcerers
  4 deep elf elementalists (Elf:3)
  The ghost of Suqoceb the Imperceptible, a journeyman SpEE of Dithmenos (Snake:3)
  An ironheart preserver (Vaults:1)
  A stone giant (D:15)
  4 deep elf annihilators (Elf:3)
  4 deep elf demonologists
  Azrael (Snake:1)
  A minotaur (Lab)
  5 deep elf death magi
  2 fire dragons
  Snorg (D:10)
  A deep elf high priest (Elf:3)
  Fannar (Lair:2)
  4 ogre magi
  Josephine (Snake:1)
  An ice dragon (Vaults:1)
  19 hydras
  14 naga warriors
  4 vault guards (D:14)
  Erolcha (D:10)
  8 anacondas
  2 ghost crabs (Swamp:3)
  11 centaur warriors
  Erica (Orc:1)
  14 two-headed ogres
  15 alligators
  3 tengu warriors
  19 dancing weapons
  11 shock serpents
  2 orc high priests
  Sonja (D:10)
  11 naga sharpshooters
  3 small abominations (Elf:3)
  21 deep elf knights
  9 skeletal warriors
  A fire crab (D:15)
  A salamander mystic (Snake:4)
  An unseen horror (D:14)
  9 sea snakes
  A deep troll (D:15)
  11 naga ritualists
  2 ironbrand convokers (Vaults:1)
  3 swamp dragons
  A phantasmal warrior (Swamp:4)
  2 spectral hydras (Swamp:4)
  2 wizards
  11 deep elf archers
  3 necromancers
  9 orc knights
  9 mana vipers
  8 orc sorcerers
  45 deep elf magi
  4 wolf spiders
  7 salamanders
  16 ugly things
  A manticore (D:15)
  5 guardian serpents
  3 cyclopes
  10 elephants
  A moth of wrath (shapeshifter) (Elf:3)
  47 black mambas
  12 naga magi
  6 gargoyles
  An ice statue (IceCv)
  2 vault sentinels (Vaults:1)
  A torpor snail (shapeshifter) (Vaults:1)
  2 molten gargoyles (D:12)
  6 centaur skeletons
  25 spiny frogs
  An eye of devastation (shapeshifter) (D:15)
  4 yaktaurs
  2 kobold demonologists
  2 efreet (D:15)
  5 freezing wraiths
  3 anaconda simulacra (IceCv)
  6 komodo dragons
  5 swamp worm zombies (Swamp:4)
  5 ice devils (IceCv)
  2 komodo dragons (shapeshifter) (D:15)
  A tengu conjurer (D:14)
  3 trolls
  A human skeleton (Vaults:1)
  A polar bear (Lair:2)
  A golden dragon simulacrum (IceCv)
  7 tyrant leeches
  A jumping spider (shapeshifter) (D:15)
  Prince Ribbit (D:9)
  9 bog bodies
  A harpy skeleton (D:15)
  9 dream sheep
  8 hornets
  3 blink frogs (Lair:3)
  3 alligator zombies (Swamp:4)
  14 slime creatures
  A stone giant simulacrum (Vaults:1)
  A hippogriff (shapeshifter) (D:15)
  11 hippogriffs
  3 redbacks
  2 spriggans
  5 large abominations
  4 centaur simulacra
  2 spriggans (shapeshifter) (D:15)
  2 shadows
  10 wyverns
  A dire elephant simulacrum (IceCv)
  8 wraiths
  Sigmund (D:3)
  A vampire (D:15)
  38 yaks
  4 basilisks
  3 water elementals
  6 fire elementals
  A steam dragon (D:10)
  A death yak simulacrum (IceCv)
  6 hungry ghosts
  4 wargs (Orc:1)
  20 vampire mosquitoes
  5 iron troll simulacra (IceCv)
  2 harpy simulacra (IceCv)
  5 insubstantial wisps
  Edmund (D:4)
  59 nagas
  An acid dragon (D:13)
  12 swamp worms
  30 water moccasins
  2 hell hounds (Snake:1)
  15 porcupines
  6 swamp drakes
  36 orc warriors
  3 hydra simulacra (IceCv)
  A black bear (D:12)
  10 sky beasts
  7 ice beasts
  A human zombie (Vaults:1)
  A sky beast (shapeshifter) (D:15)
  An eye of draining (D:11)
  3 phantoms
  9 ogres
  5 wolves (Lair:2)
  An ogre (shapeshifter) (D:14)
  2 necrophages
  18 centaurs
  A tengu (shapeshifter) (Vaults:1)
  21 crocodiles
  Blork the orc (D:5)
  4 elf zombies (Elf:1)
  13 bullfrogs
  2 big kobolds
  An elf simulacrum (Vaults:1)
  An ogre simulacrum (Vaults:1)
  5 earth elementals
  5 scorpions
  A scorpion (shapeshifter) (Elf:3)
  A swamp dragon simulacrum (IceCv)
  10 killer bees
  18 wights
  6 howler monkeys
  An electric eel (D:14)
  3 centaur zombies
  10 crimson imps
  3 draconian simulacra (IceCv)
  A quasit (D:8)
  3 bullfrog zombies
  6 jellies
  3 bullfrog skeletons
  11 orc wizards
  Crazy Yiuf (D:7)
  18 orc priests
  6 hounds
  3 iguanas
  17 worker ants
  Ijyb (D:3)
  2 polar bear simulacra (IceCv)
  A statue (D:8)
  2 wolf simulacra (IceCv)
  3 troll simulacra (IceCv)
  A hound zombie (D:6)
  A hound skeleton (D:8)
  2 worker ant zombies
  11 gnolls
  10 adders
  A naga simulacrum (IceCv)
  10 shadow imps
  4 white imps (IceCv)
  7 ufetubi (IceCv)
  3 adder skeletons
  2 worms
  6 leopard geckos
  75 orcs
  2 ball pythons (D:1)
  10 bats
  4 giant cockroaches
  5 hobgoblins
  24 jackals
  4 quokkas
  9 frilled lizards
  5 goblins
  9 kobolds
  2 quokka skeletons
  2 quokka zombies
  12 rats
  A butterfly (Lair:2)
  A crawling corpse (Elf:3)
  A plant (Snake:3)
1375 creatures vanquished.

Vanquished Creatures (collateral kills)
  Nikola (Swamp:2)
  A bone dragon (Swamp:4)
  2 nagarajas (Snake:4)
  A thorn hunter (Swamp:2)
  An orc warlord (Orc:2)
  3 ghost crabs (Swamp:4)
  2 hydras
  4 dancing weapons
  2 orc high priests (Orc:2)
  A deep elf knight (Elf:2)
  2 naga sharpshooters (Snake:4)
  A salamander mystic (Snake:3)
  A shambling mangrove (Swamp:3)
  A swamp dragon (Swamp:4)
  A deep elf archer (Vaults:1)
  An orc knight (Orc:2)
  2 mana vipers (Snake:4)
  An oklob plant (Swamp:4)
  3 deep elf magi (Elf:1)
  A guardian serpent (Snake:4)
  2 black mambas (Snake:4)
  A spiny frog (Swamp:2)
  A swamp worm zombie (Swamp:4)
  A kobold demonologist (Swamp:2)
  5 hydra zombies (Swamp:4)
  A hornet (Swamp:3)
  A slime creature (Swamp:1)
  5 spectral swamp dragons (Swamp:4)
  4 dream sheep (Lair:5)
  2 raiju
  3 vampire mosquitoes
  5 nagas (Snake:4)
  3 insubstantial wisps (Swamp:4)
  A swamp worm (Swamp:2)
  13 orc warriors (Orc:2)
  A swamp drake (Swamp:1)
  2 swamp dragon zombies (Swamp:4)
  5 phantoms (Swamp:4)
  An earth elemental (Elf:3)
  5 orc priests (Orc:2)
  10 orc wizards (Orc:2)
  A swamp drake zombie (Swamp:4)
  13 orcs (Orc:2)
  A fungus (Lair:5)
119 creatures vanquished.

Vanquished Creatures (others)
  An ogre mage (D:15)
  A mana viper (Snake:2)
  2 hornets (Swamp:3)
  2 nagas
  4 insubstantial wisps
  A crimson imp (D:12)
  An orc priest (Orc:2)
  A worker ant (D:12)
  2 orcs (D:10)
  2 fungi
  4 plants
21 creatures vanquished.

Grand Total: 1515 creatures vanquished

Notes
Turn   | Place    | Note
-------+----------+-------------------------------------------
     0 | D:1      | megalastik the Gargoyle Fighter began the quest for the
                  | Orb.
     0 | D:1      | Reached XP level 1. HP: 14/14 MP: 1/1
   165 | D:1      | Found a shattered altar of Ashenzari.
   226 | D:1      | Reached XP level 2. HP: 11/19 MP: 2/2
   790 | D:2      | Found a hazy altar of Hepliaklqana.
  1113 | D:2      | Found an iron altar of Okawaru.
  1114 | D:2      | Found a stormy altar of Qazlal.
  1192 | D:2      | Reached XP level 3. HP: 24/24 MP: 3/3
  1202 | D:2      | Found a shadowy altar of Dithmenos.
  1356 | D:2      | Reached skill level 4 in Fighting
  1852 | D:3      | Found a sacrificial altar of Ru.
  2312 | D:3      | Noticed Sigmund
  2325 | D:3      | Killed Sigmund
  2325 | D:3      | Reached skill level 1 in Dodging
  2325 | D:3      | Reached XP level 4. HP: 19/30 MP: 4/4
  2325 | D:3      | Reached XP level 5. HP: 22/34 MP: 5/5
  2546 | D:3      | Noticed a moth of wrath
  2551 | D:3      | Found a bloodstained altar of Trog.
  2667 | D:3      | Noticed Ijyb
  2672 | D:3      | Reached XP level 6. HP: 37/39 MP: 6/6
  2749 | D:3      | Killed Ijyb
  3010 | D:3      | Reached skill level 5 in Fighting
  3199 | D:3      | Found a glowing golden altar of the Shining One.
  3207 | D:3      | Became a worshipper of the Shining One
  3335 | D:4      | Found a shadowy altar of Dithmenos.
  3363 | D:4      | Reached skill level 5 in Shields
  3665 | D:4      | Reached skill level 5 in Armour
  3665 | D:4      | Reached skill level 1 in Stealth
  3665 | D:4      | Reached skill level 1 in Unarmed Combat
  3665 | D:4      | Reached XP level 7. HP: 15/44 MP: 7/7
  4028 | D:4      | Found a staircase to the Ecumenical Temple.
  4037 | Temple   | Entered the Ecumenical Temple
  4240 | D:4      | Noticed Edmund
  4247 | D:4      | Killed Edmund
  4430 | D:4      | Found an ancient bone altar of Kikubaaqudgha.
  4711 | D:5      | Entered Level 5 of the Dungeon
  4745 | D:5      | Reached skill level 6 in Fighting
  4745 | D:5      | Reached XP level 8. HP: 41/51 MP: 8/8
  4807 | D:5      | Learned a level 1 spell: Sandblast
  4881 | D:5      | Noticed Blork the orc
  4882 | D:5      | Reached * piety under the Shining One
  4892 | D:5      | Killed Blork the orc
  4909 | D:5      | Reached skill level 1 in Invocations
  4934 | D:5      | Found a snail-covered altar of Cheibriados.
  5254 | D:6      | Reached skill level 7 in Fighting
  5345 | D:6      | Reached XP level 9. HP: 54/57 MP: 10/10
  5460 | D:6      | Found a sparkling altar of Nemelex Xobeh.
  5596 | D:6      | Found a shadowy altar of Dithmenos.
  5699 | D:6      | Reached skill level 8 in Fighting
  5940 | D:6      | Found Aboaca's Antique Weapon Shop.
  5945 | D:6      | Bought a runed mace for 108 gold pieces
  5945 | D:6      | Bought a runed hand crossbow for 117 gold pieces
  6480 | D:7      | Reached ** piety under the Shining One
  6631 | D:7      | Found Gotoub's Armour Emporium.
  6639 | D:7      | Bought a +0 cloak for 67 gold pieces
  6709 | D:7      | Found a runed door.
  6714 | D:7      | Noticed Crazy Yiuf
  6718 | D:7      | Killed Crazy Yiuf
  7132 | D:8      | Reached skill level 9 in Fighting
  7184 | D:8      | Found a radiant altar of Vehumet.
  7214 | D:8      | Reached XP level 10. HP: 46/66 MP: 13/13
  7215 | D:8      | Reached *** piety under the Shining One
  7369 | D:8      | Found a burning altar of Makhleb.
  7670 | D:8      | Reached skill level 10 in Fighting
  7677 | D:8      | Reached skill level 5 in Invocations
  7998 | D:8      | Found a staircase to the Lair.
  8317 | D:9      | Noticed Prince Ribbit
  8326 | D:9      | Killed Prince Ribbit
  8326 | D:9      | Reached skill level 11 in Fighting
  8411 | D:9      | Noticed a two-headed ogre
  8418 | D:9      | Killed a two-headed ogre
  8418 | D:9      | Reached XP level 11. HP: 67/74 MP: 15/15
  8713 | D:9      | Noticed a two-headed ogre
  8718 | D:9      | Killed a two-headed ogre
  8759 | D:10     | Entered Level 10 of the Dungeon
  8776 | D:10     | Reached **** piety under the Shining One
  8783 | D:10     | Reached skill level 12 in Fighting
  8818 | D:10     | Noticed Sonja
  8826 | D:10     | Killed Sonja
  9007 | D:10     | Noticed Snorg
  9056 | D:10     | Killed Snorg
  9148 | D:10     | Noticed a two-headed ogre
  9157 | D:10     | Killed a two-headed ogre
  9157 | D:10     | Reached skill level 13 in Fighting
  9463 | D:10     | Noticed Erolcha
  9468 | D:10     | Killed Erolcha
  9860 | Lair:1   | Entered Level 1 of the Lair of Beasts
 10070 | Lair:1   | Reached XP level 12. HP: 84/84 MP: 17/17
 10116 | Lair:1   | Reached skill level 10 in Shields
 10274 | Lair:1   | Reached skill level 14 in Fighting
 10763 | Lair:2   | Found a staircase to the Snake Pit.
 10886 | Lair:2   | Noticed a six-headed hydra
 10896 | Lair:2   | Killed a six-headed hydra
 11017 | Lair:2   | Noticed Fannar
 11059 | Lair:2   | Killed Fannar
 11137 | Lair:2   | Got a translucent falchion
 11138 | Lair:2   | Identified the +8 falchion of Foolhardiness {slice, Int+3}
                  | (You found it on level 2 of the Lair of Beasts)
 11246 | Lair:2   | Reached ***** piety under the Shining One
 11742 | Lair:3   | Reached skill level 1 in Long Blades
 11835 | Lair:3   | Found a staircase to the Swamp.
 11883 | Lair:3   | Reached skill level 10 in Armour
 12131 | Lair:3   | Reached XP level 13. HP: 91/91 MP: 19/19
 12755 | Lair:4   | Reached skill level 5 in Long Blades
 13062 | Lair:4   | Reached skill level 15 in Fighting
 13076 | Lair:4   | Got a slimy ruby amulet
 13077 | Lair:4   | Identified the amulet of the Endless Souls {rF+ Regen+
                  | Str-2 Int+8} (You found it on level 4 of the Lair of
                  | Beasts)
 13402 | Lair:5   | Found a staircase to the Slime Pits.
 13878 | Lair:6   | Entered Level 6 of the Lair of Beasts
 14557 | Lair:6   | Gained mutation: Your large and strong wings let you fly
                  | indefinitely. [Gargoyle growth]
 14557 | Lair:6   | Reached XP level 14. HP: 62/98 MP: 21/21
 16127 | D:11     | Reached skill level 10 in Invocations
 16176 | D:11     | Reached skill level 10 in Long Blades
 16911 | D:12     | Found a staircase to the Orcish Mines.
 17000 | D:12     | Found Aweoffae's Antique Weapon Shoppe.
 17414 | Orc:1    | Entered Level 1 of the Orcish Mines
 17418 | Orc:1    | Noticed Erica
 17434 | Orc:1    | Killed Erica
 17631 | Orc:1    | Paralysed by an orc sorcerer for 5 turns
 17752 | Orc:1    | Found a roughly hewn altar of Beogh.
 17882 | Orc:2    | Entered Level 2 of the Orcish Mines
 17905 | Orc:2    | Found a labyrinth entrance.
 17913 | Lab      | Entered a labyrinth
 18303 | Lab      | Identified the Grimoire of the Spatial Entourage
 18305 | Lab      | Got jewelled acid dragon scales
 18305 | Lab      | Got a pitted scale mail
 18396 | Lab      | Learned a level 6 spell: Deflect Missiles
 18399 | Lab      | Learned a level 2 spell: Song of Slaying
 18401 | Lab      | Learned a level 1 spell: Infusion
 18404 | Lab      | Learned a level 2 spell: Blink
 18404 | Lab      | Identified the +4 scale mail of Penlom {rC++} (You found it
                  | in a labyrinth)
 18444 | Orc:2    | Reached XP level 15. HP: 103/103 MP: 22/22
 18459 | Orc:2    | Reached ****** piety under the Shining One
 18466 | Orc:2    | Found a staircase to the Elven Halls.
 18844 | Orc:2    | Noticed an orc warlord
 18857 | Orc:2    | Killed an orc warlord
 18925 | Orc:2    | Found Kamojaep's General Store.
 18925 | Orc:2    | Found Holut's Jewellery Emporium.
 18950 | Orc:2    | Found Oxowner's Antique Armour Emporium.
 18950 | Orc:2    | Found Timaucw's Antique Weapon Shoppe.
 19017 | Orc:2    | Bought the +3 helmet of the Shining Light {rF- MR++} for
                  | 334 gold pieces
 19405 | D:12     | Bought a translucent morningstar for 234 gold pieces
 19405 | D:12     | Identified the +4 morningstar "Wefust" {crush, rC+ Str+2}
                  | (You bought it in a shop on level 12 of the Dungeon)
 19698 | Swamp:1  | Entered Level 1 of the Swamp
 20704 | Swamp:2  | Noticed a thorn hunter
 20721 | Swamp:2  | Killed a thorn hunter
 20831 | Swamp:2  | Noticed Nikola
 20845 | Swamp:2  | Killed Nikola
 21549 | Swamp:3  | Reached XP level 16. HP: 83/110 MP: 24/24
 21559 | Swamp:3  | Reached skill level 16 in Fighting
 21761 | Swamp:3  | Reached skill level 5 in Maces & Flails
 22364 | Swamp:4  | Entered Level 4 of the Swamp
 22459 | Swamp:4  | Noticed a tentacled monstrosity
 22483 | Swamp:4  | Killed a tentacled monstrosity
 22851 | Swamp:4  | Noticed a bone dragon
 22864 | Swamp:4  | Killed a bone dragon
 22892 | Swamp:4  | Got a decaying rune of Zot
 23548 | Lair:1   | Gained mutation: You tend to lose your temper in combat.
                  | [potion of mutation]
 23548 | Lair:1   | Gained mutation: You have a pair of small horns on your
                  | head. [potion of mutation]
 23548 | Lair:1   | Gained mutation: Your muscles are strong. (Str +2) [potion
                  | of mutation]
 23552 | Lair:1   | Lost mutation: You have a pair of small horns on your head.
                  | [potion of mutation]
 23552 | Lair:1   | Lost mutation: You tend to lose your temper in combat.
                  | [potion of mutation]
 23552 | Lair:1   | Lost mutation: Your muscles are strong. (Str +2) [potion of
                  | mutation]
 23552 | Lair:1   | Gained mutation: Your muscles are strong. (Str +2) [potion
                  | of mutation]
 23552 | Lair:1   | Gained mutation: Your mind is acute. (Int +2) [potion of
                  | mutation]
 23552 | Lair:1   | Gained mutation: You tend to lose your temper in combat.
                  | [potion of mutation]
 23552 | Lair:1   | Gained mutation: You have sharp toenails. [potion of
                  | mutation]
 23702 | D:12     | Learned a level 2 spell: Swiftness
 24703 | D:14     | Reached skill level 15 in Shields
 24721 | D:14     | Reached XP level 17. HP: 60/116 MP: 26/26
 24802 | D:14     | Found a gate to the Vaults.
 24858 | D:14     | Noticed Agnes
 24869 | D:14     | Killed Agnes
 25543 | D:15     | Entered Level 15 of the Dungeon
 25624 | D:15     | Reached skill level 1 in Spellcasting
 25740 | D:15     | Reached skill level 17 in Fighting
 25797 | D:15     | Found a sacrificial altar of Ru.
 25798 | D:15     | Found an iron altar of Okawaru.
 25798 | D:15     | Found a shimmering altar of Xom.
 25901 | D:15     | Found a staircase to the Depths.
 26826 | D:15     | Got a polished rapier
 27007 | D:15     | Identified the +7 rapier of Regran {speed, Str-2 Dex+7}
                  | (You found it on level 15 of the Dungeon)
 27281 | Snake:1  | Entered Level 1 of the Snake Pit
 27366 | Snake:1  | Noticed Azrael
 27539 | Snake:1  | Killed Azrael
 27667 | Snake:1  | Noticed Josephine
 27680 | Snake:1  | Killed Josephine
 27680 | Snake:1  | Reached XP level 18. HP: 124/124 MP: 27/27
 28052 | Snake:1  | Found Engit's Book Boutique.
 28056 | Snake:1  | Found Ippeonk's Antique Weapon Shop.
 28057 | Snake:1  | Found Tewnuv's Food Boutique.
 28080 | Snake:1  | Bought a scorched mace for 248 gold pieces
 28080 | Snake:1  | Identified the +8 mace of True Grit {crush, Int+4} (You
                  | bought it in a shop on level 1 of the Snake Pit)
 28571 | Snake:2  | Reached skill level 18 in Fighting
 29067 | Snake:2  | Reached skill level 10 in Maces & Flails
 29251 | Snake:2  | Reached skill level 5 in Spellcasting
 29404 | Snake:2  | Found Ylegaeme's Gadget Shop.
 29404 | Snake:2  | Found Fohoix's Jewellery Shoppe.
 29405 | Snake:2  | Found Tair's Jewellery Shoppe.
 29615 | Snake:3  | Found a frozen archway.
 29622 | IceCv    | Entered an ice cave
 30088 | IceCv    | Noticed an Ice Fiend
 30159 | IceCv    | Killed an Ice Fiend
 30283 | IceCv    | Got a pair of faintly glowing boots
 30288 | IceCv    | Got a scorched plate armour
 30444 | IceCv    | Identified the +0 pair of boots of Gozag's Envy {+Fly rPois
                  | Int+7 Stlth-} (You found it in an ice cave)
 30455 | IceCv    | Identified the cursed +1 plate armour of Larisi {Dex+2
                  | SInv} (You found it in an ice cave)
 30894 | Snake:3  | Found a runed door.
 30894 | Snake:3  | Found a shimmering altar of Xom.
 30894 | Snake:3  | Noticed Suqoceb's ghost (journeyman SpEE)
 30911 | Snake:3  | Killed Suqoceb's ghost
 30943 | Snake:3  | Found a radiant altar of Vehumet.
 31426 | Snake:4  | Entered Level 4 of the Snake Pit
 31710 | Snake:4  | Noticed Roxanne
 31759 | Snake:4  | HP: 4/126 [Roxanne/bolt of magma (37)]
 31943 | Snake:4  | Killed Roxanne
 31943 | Snake:4  | Reached XP level 19. HP: 131/131 MP: 28/28
 32601 | Snake:4  | Noticed Vashnia
 32603 | Snake:4  | Reached skill level 15 in Armour
 32673 | Snake:3  | Killed Vashnia
 33604 | Snake:4  | Got a serpentine rune of Zot
 34035 | Elf:1    | Entered Level 1 of the Elven Halls
 34057 | Elf:1    | Reached skill level 19 in Fighting
 34548 | Elf:1    | Found a portal to a secret trove of treasure.
 34611 | Elf:1    | Found Hecho's Distillery.
 34619 | Elf:1    | Bought 2 potions of agility for 104 gold pieces
 34619 | Elf:1    | Bought a potion of might for 52 gold pieces
 34869 | Elf:1    | Identified the Collected Works on Necromancy
 35267 | Elf:2    | Reached XP level 20. HP: 126/139 MP: 32/32
 35430 | Elf:2    | Found a runed gate.
 35430 | Elf:2    | Found a runed gate.
 35435 | Elf:2    | Found a runed gate.
 35564 | Elf:2    | Cast into level 2 of the Abyss (war axe of distortion)
 35601 | Elf:2    | Escaped the Abyss
 36115 | Elf:3    | Entered Level 3 of the Elven Halls
 36492 | Elf:3    | Found Heoppeam's Magic Scroll Boutique.
 36516 | Elf:3    | Bought a scroll of magic mapping for 45 gold pieces
 37002 | Elf:3    | Noticed a Tzitzimitl
 37010 | Elf:3    | Noticed a Tzitzimitl
 37012 | Elf:3    | Noticed a Tzitzimitl
 37014 | Elf:3    | Noticed a Tzitzimitl
 37015 | Elf:3    | Noticed a Tzitzimitl
 37436 | Elf:3    | Identified Buusk's Papyrus of Vitriolic Dark Magic
 37439 | Elf:3    | Got a clouded glass ring
 37445 | Elf:3    | Found the +8 trident of the Octopus King {venom, rElec
                  | rPois MR+}
 37450 | Elf:3    | Got a coiled iron ring
 37465 | Elf:3    | Identified the Reference Book on the Dusty Compass
 37488 | Elf:3    | Identified the ring of Doubts {*Tele Str+3} (You found it
                  | on level 3 of the Elven Halls)
 37490 | Elf:3    | Identified the ring "Ifyonol" {rN++ EV+4 Dex+9 Slay-2
                  | Stlth+} (You found it on level 3 of the Elven Halls)
 37567 | Elf:3    | Found the +0 mask of the Dragon {MR+ Slay+3 SInv}
 37572 | Elf:3    | Found the +12 Vampire's Tooth {vamp}
 38117 | Lair:1   | Learned a level 2 spell: Shroud of Golubria
 38304 | Vaults:1 | Entered Level 1 of the Vaults
 38366 | Vaults:1 | Reached XP level 21. HP: 121/145 MP: 23/34
 38652 | Vaults:1 | Reached skill level 1 in Charms
 38974 | Vaults:1 | Killed from afar by a Hell Sentinel

Skill      XL: |  1  2  3  4  5  6  7  8  9 10 11 12 13 14 15 16 17 18 19 20 21 |
---------------+----------------------------------------------------------------+-----
Fighting       | 4 5 6 7 9 11 13 14 15 16 17 18 19 | 19.9
Armour         | 4 5 6 7 8 9 10 11 12 13 14 15 16 | 16.6
Dodging        | 1 2 3 4 |  4.9
Shields        | 4 5 7 8 9 10 11 12 13 15 16 | 16.4
Stealth        | 1 |  1.7
Unarmed Combat | 1 |  1.5
Invocations    | 2 4 5 7 8 9 10 11 12 | 12.0
Long Blades    | 3 8 11 | 11.5
Maces & Flails | 4 7 9 11 13 14 | 14.0
Spellcasting   | 3 6 8 9 |  9.9
Charms         | 2 |  2.1

Action                   |  1- 3 |  4- 6 |  7- 9 | 10-12 | 13-15 | 16-18 | 19-21 || total
-------------------------+-------+-------+-------+-------+-------+-------+-------++-------
Melee: Flail             |   205 |   121 |   332 |       |       |       |       ||   658
       Unarmed           |       |    31 |       |       |       |       |       ||    31
       Mace              |       |       |    33 |    24 |       |   631 |  1631 ||  2319
       Falchion          |       |       |       |    99 |  1424 |  1522 |       ||  3045
       Morningstar       |       |       |       |       |    16 |       |       ||    16
 Fire: Hand crossbow     |       |       |    39 |   415 |   114 |    80 |     4 ||   652
Invok: Summon Divine War |       |       |       |       |     7 |     4 |     9 ||    20
       Cleansing Flame   |       |       |       |       |     2 |     1 |    25 ||    28
 Abil: Fly               |       |       |       |       |     1 |       |       ||     1
Evoke: Wand              |       |       |       |       |     3 |     2 |       ||     5
  Use: Potion            |     1 |     1 |     3 |     1 |     1 |     4 |     6 ||    17
       Scroll            |       |     8 |    10 |     2 |    17 |    13 |     5 ||    55
 Stab: Confused          |       |     2 |       |       |       |       |       ||     2
  Eat: Chunk             |     4 |     5 |     7 |    16 |    26 |    19 |    17 ||    94
       Ration            |       |       |     2 |       |     3 |     5 |     4 ||    14
Armor: Scale mail        |   125 |    69 |       |       |       |       |       ||   194
       Chain mail        |       |    28 |   167 |       |       |       |       ||   195
       Skin              |       |     3 |       |       |       |       |       ||     3
       Plate armour      |       |       |     4 |   297 |  1023 |  1285 |   753 ||  3362
Dodge: Dodged            |    90 |    70 |   108 |   122 |   479 |   564 |   405 ||  1838
Block: Shield            |   124 |    95 |   231 |   271 |  1141 |  1453 |   488 ||  3803
       Large shield      |       |       |       |       |       |       |   926 ||   926
       Rpst.: Falchion   |       |       |       |     4 |   124 |    57 |       ||   185
